 Dungeon Crawl Stone Soup version 0.30-a0-165-g1891117ce2 (webtiles) character file.

Game seed: 4762191763300438705

7347 qw the Cleaver (level 11, -15/69 HPs)
             Began as a Gargoyle Fighter on Sept 28, 2022.
             Was an Elder of Okawaru.
             Demolished by a death yak (19 damage)
             ... on level 1 of the Lair of Beasts.
             The game lasted 00:03:06 (9866 turns).

qw the Cleaver (Gargoyle Fighter)                   Turns: 9866, Time: 00:03:06

Health: -15/69     AC: 27    Str: 31    XL:     11   Next: 13%
Magic:  14/15      EV: 10    Int:  8    God:    Okawaru [****..]
Gold:   18         SH:  6    Dex: 11    Spells: 10/10 levels left

rFire   . . .      SeeInvis +    Y - +4 war axe (freeze)
rCold   . . .      Faith    .    c - +0 buckler
rNeg    + . .      Spirit   .    r - +0 plate armour
rPois   inf        Reflect  .    k - +0 helmet
rElec   +          Harm     .    (no cloak)
rCorr   +          Rampage  .    o - +1 Delatra's gloves {ID++}
Will    ++...                    (no boots)
Stlth   ..........               (no amulet)
HPRegen 0.21/turn                e - ring "Hut Peru" {*Slow +Blink Will++ rCorr SInv}
MPRegen 0.14/turn                a - ring of Lisch {Str+6 Dex+2 Slay+2 Stlth+}

@: about to teleport, heroic
A: sickness immunity, AC +8, negative energy resistance 1, electricity
resistance, torment resistance 1, petrification resistance
a: Renounce Religion, Evoke Blink, Heroism, Finesse


You were on level 1 of the Lair of Beasts.
You worshipped Okawaru.
Okawaru was greatly pleased with you.
You visited 2 branches of the dungeon, and saw 10 of its levels.

You collected 522 gold pieces.
You spent 504 gold pieces at shops.


Innate Abilities, Weirdness & Mutations

You are immune to sickness and miasma.
Your stone body is resilient. (AC +8)
You are immune to poison.
You resist negative energy. (rN+)
You are resistant to electric shocks. (rElec)
You are resistant to unholy torment.
You are immune to petrification.


   Skills:
 + Level 8.8(13.8) Fighting
 - Level 11.0(16.0) Axes
 - Level 1.2(6.2) Throwing
 - Level 7.2(12.2) Armour
 - Level 2.3(7.3) Dodging
 - Level 5.0(10.0) Shields
 + Level 5.8 Invocations


You had 10 spell levels left.
You didn't know any spells.
Your spell library was empty.

Inventory:

Hand Weapons
 b - a +4 morningstar
 Y - a +4 war axe of freezing (weapon)
Armour
 c - a +0 buckler (worn)
 k - a +0 helmet (worn)
 o - the +1 Delatra's gloves (worn) {ID++}
   (You acquired it on level 9 of the Dungeon)

   It heals its wearer when they drink unknown potions.
   It restores its wearer's MP when they read unknown scrolls.
 r - a +0 plate armour (worn)
Jewellery
 a - the ring of Lisch (right hand) {Str+6 Dex+2 Slay+2 Stlth+}
   (You acquired it on level 1 of the Dungeon)

   [ring of strength]

   Str:       It affects your strength (+6).
   Dex:       It affects your dexterity (+2).
   Slay:      It affects your accuracy & damage with ranged weapons and melee
   (+2).
   Stlth:     It makes you more stealthy.
 e - the ring "Hut Peru" (left hand) {*Slow +Blink Will++ rCorr SInv}
   (You acquired it on level 8 of the Dungeon)

   [ring of see invisible]

   SInv:      It lets you see invisible.
   +Blink:    It lets you blink.
   rCorr:     It protects you from acid and corrosion.
   *Slow:     It may slow you when you take damage.
   Will:      It greatly increases your willpower.
 s - a +4 ring of slaying {mikee}
Scrolls
 m - a scroll of teleportation
 n - a scroll of identify
Potions
 d - 6 potions of might
 f - 8 potions of curing
 g - a potion of resistance
 h - 2 potions of mutation
 i - 2 potions of heal wounds
 j - a potion of attraction
 l - a potion of magic {unknown}
 p - a potion of cancellation
 q - a potion of brilliance {unknown}
 t - 2 potions of lignification
 v - a potion of invisibility {unknown}

Dungeon Overview and Level Annotations

Branches:
Dungeon (9/15)             Temple (0/1) D:5            Lair (1/5) D:9
    Orc: D:9-12

Altars:
Gozag
Okawaru
Qazlal
Ru
Vehumet
Wu Jian
Zin

Shops:
D:2 [   D:4 (   D:7 [   D:9 !

Annotations:
D:3 2 runed translucent doors
D:8 2 transporters, qw's ghost, novice GrFi
Lair:1 Erica


Message History

The bullfrog hits you but does no damage.
You hit the cane toad. You freeze the cane toad.
The cane toad is severely wounded.
You hit the bullfrog. You freeze the bullfrog. You block the bullfrog's attack.
A death yak comes into view.
You block the cane toad's attack.
The death yak bellows!
You hit the cane toad. You freeze the cane toad.
The cane toad is severely wounded.
You hit the cane toad. You freeze the cane toad. You closely miss the bullfrog.
You hear a bellow!
You block the bullfrog's attack. The cane toad barely misses you.
You slash the cane toad!
The cane toad seems to slow down.
You freeze the cane toad.
The cane toad is almost dead.
You barely miss the cane toad. You hit the bullfrog.
The bullfrog seems to slow down.
You freeze the bullfrog. The cane toad stings you.
You barely miss the cane toad.
The cane toad is almost dead.
You slash the cane toad!
The cane toad seems to slow down.
You freeze the cane toad. You hit the bullfrog. You freeze the bullfrog.
The bullfrog hits you but does no damage.
You block the cane toad's attack.
You closely miss the cane toad.
The cane toad is almost dead.
You barely miss the cane toad. You slash the bullfrog!
The bullfrog seems to slow down.
You freeze the bullfrog.
You kill the bullfrog!
Okawaru accepts your kill.
The cane toad stings you but does no damage.
The cane toad stings you!
9866 ||| READING 2 scrolls of teleportation.
As you read the scroll of teleportation, it crumbles to dust.
You feel strangely unstable.
The cane toad is no longer moving slowly.
The cane toad stings you but does no damage.
The death yak gores you!!
You die...

+ .# ..#
.##+#####...#
......F@F...#
...Y..Y.%....#
...............
..............?
...............
##.#####.......
#.. ......# ..
......#


You could see 2 death yaks and 2 cane toads.

Vanquished Creatures
  Joseph (Lair:1)
  A hornet (D:8)
  A wyvern (D:9)
  10 yaks (D:9)
  A steam dragon (D:7)
  Duvessa (D:4)
  An acid dragon (D:9)
  3 orc warriors
  4 black bears
  4 sky beasts
  7 ogres
  A phantom (D:5)
  4 centaurs
  Blork the orc (D:4)
  2 kobold brigands
  2 gnoll sergeants
  4 bullfrogs
  2 necrophages
  2 scorpions
  12 wights
  Dowan (D:4)
  8 killer bees
  5 howler monkeys
  3 hounds
  3 jellies
  A gnoll bouda (D:7)
  An orc priest (D:6)
  3 iguanas
  9 orc wizards
  7 adders
  14 gnolls
  A shadow imp (D:6)
  A worm (D:2)
  A dart slug (D:3)
  27 orcs
  6 ball pythons
  8 endoplasms
  2 giant cockroaches (D:3)
  12 goblins
  7 hobgoblins
  5 jackals
  4 quokkas
  3 training dummies (D:4)
  5 bats
  15 kobolds
  2 rats (D:1)
218 creatures vanquished.

Vanquished Creatures (others)
  2 fungi (Lair:1)
2 creatures vanquished.

Grand Total: 220 creatures vanquished

Notes
Turn   | Place    | Note
-------+----------+-------------------------------------------
     0 | D:1      | qw the Gargoyle Fighter began the quest for the Orb.
     0 | D:1      | Reached XP level 1. HP: 14/14 MP: 1/1
     0 | D:1      | 0 ||| qw: Version: 0.2-a-12-gaebbb33
     0 | D:1      | 0 ||| qw: Game counter: 825
     0 | D:1      | 0 ||| qw: Always use a shield: true
     0 | D:1      | 0 ||| qw: God list: Okawaru
     0 | D:1      | 0 ||| qw: Allow faded altars: false
     0 | D:1      | 0 ||| qw: Do Orc after D:15 true
     0 | D:1      | 0 ||| qw: Do second Lair branch before Depths: true
     0 | D:1      | 0 ||| qw: Lair rune preference: random
     0 | D:1      | 0 ||| qw: Plans: Normal, Zot:1-4, God:TSO, Crypt, Tomb,
                  | Pan, Slime:5, Hells, Abyss, Orb
     0 | D:1      | 0 ||| PLANNING D:1-11
    58 | D:1      | Reached skill level 2 in Axes
   209 | D:1      | Found a faded altar of an unknown god.
   280 | D:1      | Reached XP level 2. HP: 19/19 MP: 2/2
   635 | D:1      | 635 ||| DROPPING +6 ring of intelligence.
   636 | D:1      | 636 ||| UPGRADING to +4 ring of slaying {mikee}.
   637 | D:1      | 637 ||| READING scroll labelled YLUTEPH ECZOH.
   637 | D:1      | Identified a scroll of acquirement
   637 | D:1      | 637 ||| ACQUIRING ring of Lisch {Str+6 Dex+2 Slay+2 Stlth+}
   637 | D:1      | Acquired the ring of Lisch {Str+6 Dex+2 Slay+2 Stlth+}
   639 | D:1      | 639 ||| UPGRADING to ring of Lisch {Str+6 Dex+2 Slay+2
                  | Stlth+}.
   640 | D:1      | 640 ||| READING scroll labelled HYNAOMN LYIGGA.
   644 | D:1      | 644 ||| READING scroll labelled TYASCHI COAHYLEI.
   645 | D:1      | 645 ||| READING scroll labelled AFUSO WAVUBEE.
   646 | D:1      | 646 ||| READING scroll labelled XELASIBOJI.
   647 | D:1      | 647 ||| DRINKING 3 fizzy silvery potions.
   999 | D:2      | Reached skill level 3 in Axes
   999 | D:2      | Reached XP level 3. HP: 22/23 MP: 3/3
  1035 | D:2      | 1035 ||| FLEEEEING.
  1264 | D:2      | Reached XP level 4. HP: 28/28 MP: 4/4
  1377 | D:2      | Found Botatec's Armour Shoppe.
  1385 | D:2      | 1385 ||| SHOPLISTING +0 pair of boots of Sin {rElec rPois
                  | rF-} (157 gold, have 53).
  1385 | D:2      | 1385 ||| SHOPLISTING +0 plate armour (230 gold, have 53).
  1385 | D:2      | 1385 ||| SHOPLISTING +2 hat (160 gold, have 53).
  1385 | D:2      | 1385 ||| SHOPLISTING +2 pair of gloves (165 gold, have 53).
  1487 | D:2      | 1487 ||| DROPPING amulet of magic regeneration.
  1488 | D:2      | 1488 ||| READING scroll labelled HETE JESAUNESE.
  1535 | D:3      | Found a large runed translucent door.
  1535 | D:3      | Found a large runed translucent door.
  1537 | D:3      | 1537 ||| STAIRDANCE
  1543 | D:3      | 1543 ||| STAIRDANCE
  1695 | D:3      | 1695 ||| Stepping ~*~*~tactically~*~*~ (stealth).
  1703 | D:3      | 1703 ||| Stepping ~*~*~tactically~*~*~ (stealth).
  1705 | D:3      | 1705 ||| Stepping ~*~*~tactically~*~*~ (stealth).
  1812 | D:3      | Reached skill level 4 in Axes
  1814 | D:3      | Reached skill level 1 in Dodging
  1814 | D:3      | 1814 ||| Stepping ~*~*~tactically~*~*~ (stealth).
  1827 | D:3      | 1827 ||| FLEEEEING.
  1828 | D:3      | 1828 ||| FLEEEEING.
  1829 | D:3      | 1829 ||| FLEEEEING.
  1830 | D:3      | 1830 ||| FLEEEEING.
  1832 | D:3      | 1832 ||| FLEEEEING.
  1833 | D:3      | 1833 ||| FLEEEEING.
  1835 | D:3      | 1835 ||| FLEEEEING.
  1836 | D:3      | 1836 ||| FLEEEEING.
  1837 | D:3      | 1837 ||| FLEEEEING.
  1838 | D:3      | 1838 ||| FLEEEEING.
  1839 | D:3      | 1839 ||| FLEEEEING.
  1841 | D:3      | 1841 ||| FLEEEEING.
  1842 | D:3      | 1842 ||| FLEEEEING.
  1843 | D:3      | 1843 ||| FLEEEEING.
  1844 | D:3      | 1844 ||| FLEEEEING.
  1845 | D:3      | 1845 ||| FLEEEEING.
  1846 | D:3      | 1846 ||| FLEEEEING.
  1847 | D:3      | 1847 ||| FLEEEEING.
  1851 | D:3      | 1851 ||| FLEEEEING.
  1852 | D:3      | 1852 ||| FLEEEEING.
  1853 | D:3      | 1853 ||| FLEEEEING.
  1854 | D:3      | 1854 ||| FLEEEEING.
  1855 | D:3      | 1855 ||| FLEEEEING.
  1856 | D:3      | 1856 ||| FLEEEEING.
  1860 | D:3      | Reached XP level 5. HP: 28/32 MP: 5/5
  1860 | D:3      | 1860 ||| FLEEEEING.
  1861 | D:3      | 1861 ||| FLEEEEING.
  1862 | D:3      | 1862 ||| STAIRDANCE
  2056 | D:3      | Identified the +6 short sword "Malec" {vorpal, Will++ Str-5
                  | Int+4}
  2153 | D:3      | Found the +4 robe of Augmentation {Str+4 Int+4 Dex+4}
  2260 | D:3      | Found a stormy altar of Qazlal.
  2263 | D:3      | Found an iron altar of Okawaru.
  2269 | D:3      | Found an ornate altar of the Wu Jian Council.
  2270 | D:3      | Found a radiant altar of Vehumet.
  2349 | D:3      | 2349 ||| UPGRADING to +0 helmet.
  2354 | D:3      | 2354 ||| DRINKING 3 fizzy grey potions.
  2355 | D:3      | 2355 ||| READING 3 scrolls of identify.
  2355 | D:3      | 2355 ||| IDENTIFYING golden potion
  2356 | D:3      | 2356 ||| READING 2 scrolls of identify.
  2356 | D:3      | 2356 ||| IDENTIFYING fuming yellow potion
  2357 | D:3      | 2357 ||| DROPPING 2 potions of degeneration.
  2358 | D:3      | 2358 ||| DROPPING potion of berserk rage.
  2359 | D:3      | 2359 ||| DROPPING potion of flight.
  2406 | D:3      | 2406 ||| PLANNING OKAWARU WORSHIP
  2406 | D:3      | Became a worshipper of Warmaster Okawaru
  2407 | D:3      | 2407 ||| PLANNING D:1-11
  2489 | D:4      | Reached skill level 5 in Axes
  2538 | D:4      | Noticed Duvessa
  2539 | D:4      | 2539 ||| Stepping ~*~*~tactically~*~*~ (hiding).
  2540 | D:4      | 2540 ||| Stepping ~*~*~tactically~*~*~ (hiding).
  2547 | D:4      | Killed Duvessa
  2548 | D:4      | Reached XP level 6. HP: 32/39 MP: 6/6
  2559 | D:4      | Noticed Dowan
  2560 | D:4      | 2560 ||| Stepping ~*~*~tactically~*~*~ (stealth).
  2579 | D:4      | 2579 ||| Stepping ~*~*~tactically~*~*~ (stealth).
  2580 | D:4      | 2580 ||| Stepping ~*~*~tactically~*~*~ (stealth).
  2581 | D:4      | 2581 ||| Stepping ~*~*~tactically~*~*~ (stealth).
  2585 | D:4      | HP: 9/39 [Dowan/stone arrow (13)]
  2586 | D:4      | 2586 ||| READING 3 scrolls of teleportation.
  2587 | D:4      | 2587 ||| DRINKING 2 potions of heal wounds.
  2589 | D:4      | 2589 ||| Stepping ~*~*~tactically~*~*~ (hiding).
  2669 | D:4      | 2669 ||| Stepping ~*~*~tactically~*~*~ (stealth).
  2715 | D:4      | Noticed Blork the orc
  2724 | D:4      | Killed Blork the orc
  2867 | D:4      | 2867 ||| DROPPING +0 whip.
  2884 | D:4      | Reached * piety under Okawaru
  2885 | D:4      | Reached XP level 7. HP: 44/44 MP: 7/7
  2893 | D:4      | Found Pyanowk's Firing Range.
  2902 | D:4      | 2902 ||| INVOKING Heroism.
  2955 | D:4      | 2955 ||| INVOKING Heroism.
  2962 | D:4      | Reached skill level 6 in Axes
  2962 | D:4      | Reached skill level 1 in Invocations
  3006 | D:4      | 3006 ||| Stepping ~*~*~tactically~*~*~ (stealth).
  3008 | D:4      | 3008 ||| INVOKING Heroism.
  3052 | D:4      | 3052 ||| INVOKING Heroism.
  3064 | D:4      | Killed Dowan
  3542 | D:4      | 3542 ||| INVOKING Heroism.
  3548 | D:4      | Reached skill level 3 in Invocations
  3629 | D:4      | 3629 ||| READING scroll labelled MYMMABB JIUR.
  3630 | D:4      | 3630 ||| READING scroll labelled KAETWIHAONK.
  3631 | D:4      | 3631 ||| DRINKING 2 sedimented sapphire potions.
  3667 | D:4      | 3667 ||| READING 2 scrolls of identify.
  3667 | D:4      | 3667 ||| IDENTIFYING coppery potion
  3704 | D:5      | Entered Level 5 of the Dungeon
  3716 | D:5      | 3716 ||| SWAPPING to +1 war axe of flaming.
  3717 | D:5      | 3717 ||| DROPPING +0 morningstar of draining.
  3718 | D:5      | 3718 ||| DROPPING +0 war axe.
  3915 | D:5      | 3915 ||| INVOKING Heroism.
  3919 | D:5      | Reached XP level 8. HP: 48/48 MP: 7/10
  4015 | D:5      | Reached skill level 7 in Axes
  4251 | D:5      | 4251 ||| INVOKING Heroism.
  4502 | D:5      | 4502 ||| Stepping ~*~*~tactically~*~*~ (stealth).
  4517 | D:5      | 4517 ||| INVOKING Heroism.
  4519 | D:5      | Reached skill level 1 in Throwing
  4540 | D:5      | 4540 ||| Stepping ~*~*~tactically~*~*~ (stealth).
  4542 | D:5      | 4542 ||| INVOKING Heroism.
  4543 | D:5      | 4543 ||| Stepping ~*~*~tactically~*~*~ (stealth).
  4595 | D:5      | Reached skill level 8 in Axes
  4763 | D:5      | Found a staircase to the Ecumenical Temple.
  4946 | D:5      | 4946 ||| READING scroll labelled OFYPESA COSU.
  4947 | D:5      | 4947 ||| READING scroll labelled DIKOES CAXZAMO.
  4998 | D:6      | 4998 ||| INVOKING Heroism.
  5006 | D:6      | Reached skill level 6 in Fighting
  5150 | D:6      | Found a sacrificial altar of Ru.
  5157 | D:6      | 5157 ||| Stepping ~*~*~tactically~*~*~ (hiding).
  5158 | D:6      | 5158 ||| INVOKING Heroism.
  5161 | D:6      | Reached ** piety under Okawaru
  5162 | D:6      | Reached XP level 9. HP: 56/56 MP: 9/12
  5368 | D:6      | 5368 ||| Stepping ~*~*~tactically~*~*~ (stealth).
  5395 | D:6      | 5395 ||| Stepping ~*~*~tactically~*~*~ (stealth).
  5436 | D:6      | 5436 ||| INVOKING Heroism.
  5446 | D:6      | Reached skill level 9 in Axes
  5735 | D:6      | 5735 ||| INVOKING Heroism.
  6064 | D:6      | 6064 ||| UPGRADING to +0 chain mail.
  6074 | D:6      | 6074 ||| DROPPING +0 scale mail.
  6075 | D:6      | 6075 ||| DROPPING +6 ring of strength.
  6076 | D:6      | 6076 ||| READING scroll labelled XEUQE ZOREY.
  6077 | D:6      | 6077 ||| READING scroll labelled NUMYABL ICYH.
  6078 | D:6      | 6078 ||| READING scroll labelled UMIJUFOCYI.
  6079 | D:6      | 6079 ||| READING 2 scrolls of identify.
  6079 | D:6      | 6079 ||| IDENTIFYING orange potion
  6190 | D:7      | 6190 ||| INVOKING Heroism.
  6192 | D:7      | 6192 ||| Stepping ~*~*~tactically~*~*~ (stealth).
  6193 | D:7      | 6193 ||| Stepping ~*~*~tactically~*~*~ (hiding).
  6194 | D:7      | 6194 ||| Stepping ~*~*~tactically~*~*~ (hiding).
  6207 | D:7      | 6207 ||| Stepping ~*~*~tactically~*~*~ (stealth).
  6266 | D:7      | 6266 ||| INVOKING Heroism.
  6566 | D:7      | 6566 ||| INVOKING Heroism.
  6598 | D:7      | Found Dizal's Antique Armour Emporium.
  6603 | D:7      | 6603 ||| SHOPLISTING +1 robe of Vines {NoPotionHeal
                  | Regen++++} (1920 gold, have 346).
  6603 | D:7      | 6603 ||| BUYING embroidered scarf (192 gold).
  6603 | D:7      | Bought an embroidered scarf for 192 gold pieces
  6603 | D:7      | 6603 ||| SHOPLISTING glowing cloak (180 gold, have 154).
  6603 | D:7      | 6603 ||| SHOPLISTING pair of glowing gloves (180 gold, have
                  | 154).
  6750 | D:7      | 6750 ||| INVOKING Heroism.
  6925 | D:7      | Reached *** piety under Okawaru
  6955 | D:7      | Reached skill level 10 in Axes
  6955 | D:7      | Reached XP level 10. HP: 63/63 MP: 13/13
  6970 | D:7      | Found an opulent altar of Gozag.
  7276 | D:7      | 7276 ||| Stepping ~*~*~tactically~*~*~ (hiding).
  7284 | D:7      | 7284 ||| INVOKING Heroism.
  7352 | D:7      | Found a glowing silver altar of Zin.
  7356 | D:7      | 7356 ||| UPGRADING to +0 plate armour.
  7366 | D:7      | 7366 ||| DROPPING +0 chain mail.
  7367 | D:7      | 7367 ||| DROPPING scarf of invisibility.
  7368 | D:7      | 7368 ||| DROPPING +4 ring of protection.
  7369 | D:7      | 7369 ||| READING scroll labelled QID IMAFROQ.
  7418 | D:7      | 7418 ||| DROPPING +0 whip.
  7480 | D:7      | 7480 ||| DROPPING +0 flail.
  7481 | D:7      | 7481 ||| READING 2 scrolls of identify.
  7481 | D:7      | 7481 ||| IDENTIFYING lumpy white potion
  7510 | D:8      | 7510 ||| Stepping ~*~*~tactically~*~*~ (hiding).
  7513 | D:8      | 7513 ||| Stepping ~*~*~tactically~*~*~ (hiding).
  7514 | D:8      | 7514 ||| Stepping ~*~*~tactically~*~*~ (hiding).
  7515 | D:8      | 7515 ||| Stepping ~*~*~tactically~*~*~ (hiding).
  7661 | D:8      | 7661 ||| INVOKING Heroism.
  7697 | D:8      | Found a transporter.
  7701 | D:8      | Noticed qw's ghost (novice GrFi)
  7708 | D:8      | 7708 ||| READING scroll of enchant weapon.
  7708 | D:8      | 7708 ||| ENCHANTING +2 war axe of freezing.
  7760 | D:8      | Found a transporter.
  7787 | D:8      | 7787 ||| READING scroll of acquirement.
  7787 | D:8      | 7787 ||| ACQUIRING ring "Hut Peru" {*Slow +Blink Will++
                  | rCorr SInv}
  7787 | D:8      | Acquired the ring "Hut Peru" {*Slow +Blink Will++ rCorr
                  | SInv}
  7789 | D:8      | 7789 ||| UPGRADING to ring "Hut Peru" {*Slow +Blink Will++
                  | rCorr SInv}.
  7814 | D:8      | 7814 ||| INVOKING Heroism.
  7908 | D:8      | 7908 ||| INVOKING Heroism.
  8004 | D:8      | Identified the +9 long sword of Shame {pain, rCorr Int+2}
  8047 | D:8      | 8047 ||| INVOKING Heroism.
  8069 | D:8      | 8069 ||| READING scroll of enchant weapon.
  8069 | D:8      | 8069 ||| ENCHANTING +3 war axe of freezing.
  8131 | D:8      | 8131 ||| INVOKING Heroism.
  8133 | D:8      | Reached skill level 6 in Armour
  8296 | D:8      | 8296 ||| Stepping ~*~*~tactically~*~*~ (hiding).
  8297 | D:8      | 8297 ||| Stepping ~*~*~tactically~*~*~ (hiding).
  8300 | D:8      | 8300 ||| Stepping ~*~*~tactically~*~*~ (water).
  8322 | D:8      | 8322 ||| Stepping ~*~*~tactically~*~*~ (water).
  8413 | D:8      | 8413 ||| INVOKING Heroism.
  8414 | D:8      | 8414 ||| Stepping ~*~*~tactically~*~*~ (water).
  8656 | D:8      | 8656 ||| READING scroll labelled IGARUP FOOSAESK.
  8657 | D:8      | 8657 ||| DRINKING 2 cyan potions.
  8699 | D:9      | 8699 ||| Stepping ~*~*~tactically~*~*~ (stealth).
  8703 | D:9      | 8703 ||| INVOKING Heroism.
  8716 | D:9      | 8716 ||| Stepping ~*~*~tactically~*~*~ (stealth).
  8717 | D:9      | 8717 ||| Stepping ~*~*~tactically~*~*~ (stealth).
  8721 | D:9      | 8721 ||| Stepping ~*~*~tactically~*~*~ (stealth).
  8757 | D:9      | 8757 ||| Stepping ~*~*~tactically~*~*~ (stealth).
  8761 | D:9      | 8761 ||| Stepping ~*~*~tactically~*~*~ (stealth).
  8765 | D:9      | 8765 ||| Stepping ~*~*~tactically~*~*~ (stealth).
  8770 | D:9      | 8770 ||| Stepping ~*~*~tactically~*~*~ (stealth).
  8772 | D:9      | 8772 ||| Stepping ~*~*~tactically~*~*~ (stealth).
  8839 | D:9      | 8839 ||| Stepping ~*~*~tactically~*~*~ (stealth).
  8846 | D:9      | 8846 ||| Stepping ~*~*~tactically~*~*~ (stealth).
  8850 | D:9      | 8850 ||| Stepping ~*~*~tactically~*~*~ (stealth).
  8851 | D:9      | 8851 ||| Stepping ~*~*~tactically~*~*~ (stealth).
  8853 | D:9      | 8853 ||| Stepping ~*~*~tactically~*~*~ (stealth).
  8890 | D:9      | 8890 ||| READING scroll of acquirement.
  8890 | D:9      | 8890 ||| ACQUIRING +1 Delatra's gloves {ID++}
  8890 | D:9      | Acquired the +1 Delatra's gloves {ID++}
  8890 | D:9      | Found the +1 Delatra's gloves {ID++}
  8892 | D:9      | 8892 ||| UPGRADING to +1 Delatra's gloves {ID++}.
  8948 | D:9      | 8948 ||| INVOKING Heroism.
  9016 | D:9      | 9016 ||| INVOKING Heroism.
  9050 | D:9      | Found a staircase to the Lair.
  9086 | D:9      | 9086 ||| Stepping ~*~*~tactically~*~*~ (stealth).
  9088 | D:9      | 9088 ||| INVOKING Heroism.
  9089 | D:9      | 9089 ||| Stepping ~*~*~tactically~*~*~ (stealth).
  9094 | D:9      | Reached **** piety under Okawaru
  9099 | D:9      | Reached skill level 11 in Axes
  9102 | D:9      | Reached XP level 11. HP: 59/68 MP: 12/14
  9331 | D:9      | 9331 ||| FLEEEEING.
  9332 | D:9      | 9332 ||| FLEEEEING.
  9333 | D:9      | 9333 ||| FLEEEEING.
  9729 | D:9      | Found Mumnozxa's Distillery.
  9735 | D:9      | 9735 ||| BUYING 2 potions of curing (78 gold).
  9735 | D:9      | Bought 2 potions of curing for 78 gold pieces
  9735 | D:9      | 9735 ||| BUYING 2 potions of heal wounds (130 gold).
  9735 | D:9      | Bought 2 potions of heal wounds for 130 gold pieces
  9735 | D:9      | 9735 ||| BUYING 2 potions of might (104 gold).
  9735 | D:9      | Bought 2 potions of might for 104 gold pieces
  9735 | D:9      | 9735 ||| SHOPLISTING potion of curing (39 gold, have 18).
  9735 | D:9      | 9735 ||| SHOPLISTING potion of haste (130 gold, have 18).
  9735 | D:9      | 9735 ||| SHOPLISTING potion of heal wounds (65 gold, have
                  | 18).
  9735 | D:9      | 9735 ||| SHOPLISTING potion of might (52 gold, have 18).
  9735 | D:9      | 9735 ||| SHOPLISTING potion of mutation (104 gold, have
                  | 18).
  9735 | D:9      | 9735 ||| PLANNING LAIR
  9735 | D:9      | 9735 ||| READING scroll labelled AFFOIRGH HUONLA.
  9806 | D:9      | 9806 ||| READING 2 scrolls of identify.
  9806 | D:9      | 9806 ||| IDENTIFYING smoky white potion
  9826 | Lair:1   | Entered Level 1 of the Lair of Beasts
  9830 | Lair:1   | Noticed Joseph
  9834 | Lair:1   | Noticed Erica
  9835 | Lair:1   | 9835 ||| INVOKING Heroism.
  9847 | Lair:1   | Killed Joseph
  9851 | Lair:1   | HP: 16/69 [Erica/+4 scimitar of flaming (9)]
  9852 | Lair:1   | 9852 ||| READING 3 scrolls of teleportation.
  9853 | Lair:1   | 9853 ||| DRINKING 3 potions of heal wounds.
  9855 | Lair:1   | 9855 ||| INVOKING Heroism.
  9858 | Lair:1   | Noticed a death yak
  9861 | Lair:1   | Noticed a death yak
  9865 | Lair:1   | HP: 4/69 [cane toad (15)]
  9866 | Lair:1   | 9866 ||| READING 2 scrolls of teleportation.
  9866 | Lair:1   | Demolished by a death yak

Levels and vault maps discovered:
D:1:      dpeg_arrival_simpleton_c, layout_loops_cross,
          dreamdust_ecumenical_altar_grove
D:2:      layout_loops_ring, serial_shops, shop
D:3:      layout_basic, minitemple, jmf_multi_god_temple2, minmay_statues_item
D:4:      layout_loops_cross, nicolae_shop_firing_range, uniq_blork_the_orc,
          uniq_duvessa
D:5:      minmay_diamond_boxcup, layout_layer_cave, minmay_temple_entry_fiery,
          corexii_item_surrounded_by_moat, kennysheep_small_spiral,
          minmay_misc_feat_secret_circle
D:6:      layout_cave_pods, nicolae_ru_path_of_blood
D:7:      layout_loops_corners, pdpol_temple_overflow_zin_treasury_gozag_greed,
          serial_shops, shop_statue
D:8:      layout_gridville, gammafunk_ghost_stat_death, enter_bailey_3
D:9:      layout_irregular_city, lair_entry_dummy, serial_shops, shop
Lair:1:   layout_regular_city, uniq_erica, uniq_amaemon, uniq_joseph

Skill      XL: |  1  2  3  4  5  6  7  8  9 10 11 |
---------------+----------------------------------+-----
Axes           | 2 3 4 5 6 8 10 11 | 11.0
Dodging        | 1 2 |  2.3
Fighting       | 4 6 7 8 |  8.8
Invocations    | 3 4 5 |  5.8
Throwing       | 1 |  1.2
Shields        | 4 5 |  5.0
Armour         | 4 7 |  7.2

Action                   |  1- 3 |  4- 6 |  7- 9 | 10-12 || total
-------------------------+-------+-------+-------+-------++-------
Melee: War axe           |    62 |    83 |   156 |   189 ||   490
Throw: Boomerang         |       |       |    30 |       ||    30
Invok: Heroism           |       |       |    17 |    13 ||    30
  Use: Scroll            |     5 |     4 |     9 |    11 ||    29
       Potion            |     1 |     2 |     1 |     2 ||     6
Armor: Scale mail        |    21 |    24 |    46 |       ||    91
       Chain mail        |       |       |    22 |     9 ||    31
       Plate armour      |       |       |       |    92 ||    92
Dodge: Dodged            |    28 |    46 |    58 |    66 ||   198
Block: Buckler           |    18 |    16 |    26 |    36 ||    96

Table legend:
 A = Non-vault XP
 B = Vault XP
 C = Vault XP percentage of total XP
 D = Non-vault monster count
 E = Vault monster count
 F = Vault count percentage of total count
                 A         B        C        D         E       F
            +---------+---------+-------+---------+---------+-------
      Total |    9174 |    1322 |  12.6 |     197 |      21 |   9.6
            +---------+---------+-------+---------+---------+-------
        D:1 |      17 |       0 |   0.0 |      11 |       0 |   0.0
        D:2 |      71 |       0 |   0.0 |      18 |       0 |   0.0
        D:3 |     123 |       0 |   0.0 |      22 |       0 |   0.0
        D:4 |     579 |     329 |  36.2 |      22 |       6 |  21.4
        D:5 |     395 |     510 |  56.4 |      12 |      10 |  45.5
        D:6 |    1273 |       0 |   0.0 |      24 |       0 |   0.0
        D:7 |    1668 |       0 |   0.0 |      23 |       0 |   0.0
        D:8 |    1274 |       8 |   0.6 |      25 |       4 |  13.8
        D:9 |    3677 |       0 |   0.0 |      39 |       0 |   0.0
     Lair:1 |      97 |     475 |  83.0 |       1 |       1 |  50.0
            +---------+---------+-------+---------+---------+-------
